AoeStats
← Barón de la Cerveza

Arabia

504126840Analyzed
1v1 RM · 1mo ago on Sep 4, 2026· 15m 39s· 2 players
Game mode
Random Map
Map size
Tiny (2 player)
Population
200
Speed
Normal
Resources
Standard
Victory
Conquest
Starting age
Dark Age
Ending age
Imperial Age
RankedLock teamsTeams togetherTeam positionsShared explorationLock speedFull tech treeHidden civsTurbo modeCheats
Victory
Defeat
🇲🇽 Cumans · Mexico
1764
+17
🇨🇳 Khitans · China
1793
-17
Barón de la Cerveza
5:37 Loom
8:40 Feudal Age
9:35 Double-Bit Axe
10:49 Horse Collar
Swareee
9:44 Feudal Age
8:02 Loom
15:21 Castle Age
13:25 Domestication
14:29 Double-Bit Axe
16:13 Forging
Connection lost

Rejoining the realm…

Still unreachable

The connection could not be restored.

Session expired

The server has moved on; the page needs a fresh start.